Chicago Black Hawks vs Minnesota North Stars
(R1)
Created - Sunday, December 3, 2023 at 07:04
Goals
|
| Chicago Black Hawks |
2 |
1 |
2 |
1 |
6 |
| Minnesota North Stars |
0 |
2 |
3 |
0 |
5 |
|
Shots
|
| Chicago Black Hawks |
10 |
13 |
19 |
1 |
43 |
| Minnesota North Stars |
11 |
12 |
10 |
0 |
33 |
|
1st period
1. Chicago Black Hawks , Frederick Gaudreau 9 (Travis Sanheim 17, Patrice Bergeron 41) at 4:22
2. Chicago Black Hawks , Patrice Bergeron 36 (Kevin Fiala 51, Jaden Schwartz 18) at 8:58
Penalties :
Gustav Forsling (MNS) for Boarding (Minor) at 2:09, Morgan Rielly (CHI) for Hooking (Minor) at 15:15, Rasmus Dahlin (MNS) for Goalie Interference (Minor) at 19:31
2nd period
3. Chicago Black Hawks , Kevin Fiala 23 (Bo Horvat 42) at 0:08 (PP)
4. Minnesota North Stars , Jack Hughes 19 (Jonathan Toews 17, Justin Holl 10) at 8:04
5. Minnesota North Stars , Justin Holl 2 (Evan Rodrigues 17, Jack Hughes 34) at 17:29
Penalties :
Michael Rasmussen (CHI) for Hooking (Minor) at 15:15, Seth Jones (CHI) for Holding (Minor) at 18:21
3rd period
6. Chicago Black Hawks , Jaden Schwartz 17 (Bo Horvat 43) at 1:06
7. Minnesota North Stars , Jack Hughes 20 (Frank Vatrano 12) at 5:08
8. Chicago Black Hawks , Brent Burns 8 (Kevin Fiala 52, Vincent Trocheck 27) at 7:20 (PP)
9. Minnesota North Stars , Viktor Arvidsson 24 (Jamie Oleksiak 25, Zach Parise 22) at 10:14 (PP)
10. Minnesota North Stars , Brock Nelson 20 (Jack Hughes 35, Jeff Skinner 44) at 19:36
Penalties :
Barrett Hayton (CHI) for Hooking (Minor) at 2:49, Rasmus Dahlin (MNS) for High sticking (Minor) at 7:04, Vincent Trocheck (CHI) for Holding (Minor) at 8:52, Jeff Skinner (MNS) for Hooking (Minor) at 11:54
Overtime #1
11. Chicago Black Hawks , Bo Horvat 29 (Devon Toews 16) at 4:39
Penalties :
No Penalty
Goalie Stats
Thatcher Demko (CHI), 28 saves from 33 shots - (0.848), W, 30-17-6, 64:39 minutes
Stuart Skinner (MNS), 37 saves from 43 shots - (0.860), OTL, 24-6-6, 64:24 minutes
Players Stats for Chicago Black Hawks
Player Name G A P +/- PIM S H SB GA TA FO MP PP MP PK MP
------------------------------------------------------------------------------------
Barrett Hayton 0 0 0 2 2 2 2 0 1 0 0/2 15:57 1:36 0:00
Bo Horvat 1 2 3 2 0 5 0 1 2 1 9/23 17:01 3:15 0:59
Brent Burns 1 0 1 -2 0 4 0 1 0 1 0/0 26:33 3:15 4:44
Cal Clutterbuck 0 0 0 -1 0 1 2 2 0 0 0/0 16:19 0:00 4:48
Christopher Tanev 0 0 0 -1 0 2 1 1 0 2 0/0 19:52 0:00 5:28
Cole Perfetti 0 0 0 -2 0 1 0 0 0 0 0/0 6:43 0:00 0:00
Devon Toews 0 1 1 1 0 2 1 0 0 1 0/0 17:58 0:00 0:00
Frederick Gaudreau 1 0 1 -3 0 2 1 1 0 0 2/7 14:01 1:36 4:48
Jaden Schwartz 1 1 2 1 0 2 1 0 0 0 0/1 13:14 0:00 0:54
Kevin Fiala 1 2 3 1 0 4 1 0 0 0 0/0 18:34 3:15 0:00
Michael Rasmussen 0 0 0 0 2 4 2 0 0 1 0/0 15:38 0:00 3:01
Morgan Frost 0 0 0 -1 0 1 1 1 0 0 5/10 13:57 0:00 0:00
Morgan Rielly 0 0 0 1 2 0 0 3 0 0 0/0 22:11 1:36 3:17
Patrice Bergeron 1 1 2 1 0 6 3 0 0 1 11/18 20:53 1:36 4:06
Seth Jones 0 0 0 -1 2 3 0 1 1 1 0/0 23:57 3:15 3:45
Shane Pinto 0 0 0 -2 0 1 0 0 0 0 1/2 8:15 0:00 0:00
Travis Sanheim 0 1 1 2 0 0 2 1 0 1 0/0 19:27 1:36 1:22
Vincent Trocheck 0 1 1 1 2 3 4 0 0 0 2/2 18:43 3:15 0:00
Players Stats for Minnesota North Stars
Player Name G A P +/- PIM S H SB GA TA FO MP PP MP PK MP
------------------------------------------------------------------------------------
Adam Lowry 0 0 0 1 0 0 5 0 0 0 4/8 8:41 0:02 0:00
Brandon Montour 0 0 0 0 0 1 1 2 0 0 0/0 28:44 4:43 2:43
Brock Nelson 1 0 1 0 0 4 1 1 0 0 2/2 21:40 4:32 2:19
Eeli Tolvanen 0 0 0 1 0 0 0 0 1 0 0/0 6:52 0:00 0:00
Evan Rodrigues 0 1 1 1 0 2 0 0 0 0 0/0 6:38 0:00 0:00
Evgeni Malkin 0 0 0 -1 0 3 2 2 3 0 5/9 22:23 4:44 2:32
Frank Vatrano 0 1 1 1 0 0 1 0 0 0 0/0 11:53 0:02 0:00
Gustav Forsling 0 0 0 -2 2 0 1 3 0 0 0/0 22:47 4:35 1:02
Jack Hughes 2 2 4 1 0 7 0 0 2 0 0/0 13:46 0:02 0:00
Jamie Oleksiak 0 1 1 -2 0 0 2 5 0 1 0/0 23:54 4:35 2:08
Jeff Skinner 0 1 1 0 2 2 2 1 1 0 2/2 22:10 4:32 1:26
Jonathan Toews 0 1 1 0 0 1 1 0 0 0 4/7 12:34 0:00 0:47
Justin Holl 1 1 2 2 0 1 1 0 0 1 0/0 13:20 0:00 1:19
Neal Pionk 0 0 0 2 0 1 1 1 0 0 0/0 12:01 0:00 0:00
Rasmus Dahlin 0 0 0 -1 4 2 3 2 1 2 0/0 28:43 4:43 2:30
Ryan Nugent-Hopkins 0 0 0 -2 0 4 1 0 1 0 16/34 22:27 4:32 2:38
Viktor Arvidsson 1 0 1 0 0 5 3 0 0 0 1/1 17:34 4:44 0:00
Zach Parise 0 1 1 0 0 0 1 0 0 0 1/2 17:34 4:44 0:00
3 Stars
1 - Jack Hughes (MNS)
2 - Bo Horvat (CHI)
3 - Kevin Fiala (CHI)
Power Play
Chicago Black Hawks - 2 on 4 Attempt(s) - 50.00%
Minnesota North Stars - 1 on 5 Attempt(s) - 20.00%
Penalty Kill
Chicago Black Hawks - 4 on 5 Attempt(s) - 80.00%
- Score 0 goal in Penalty Kill
Minnesota North Stars - 2 on 4 Attempt(s) - 50.00%
- Score 0 goal in Penalty Kill
Team Stat
Chicago Black Hawks - Hits : 21 - Faceoff Wins : 30 - Blocked Shots : 12 - Penalty Minutes : 10
Minnesota North Stars - Hits : 26 - Faceoff Wins : 35 - Blocked Shots : 17 - Penalty Minutes : 8
Official
Referees : Tim Peel and Kevin Pollock
Linesman : Ryan Gibbons and Steve Miller
Game Notes
No Game Note
Finance
Level 1 -- Attendance: 4612 (76.87%) -- Ticket Income $461,200
Level 2 -- Attendance: 3663 (73.26%) -- Ticket Income $219,780
Level 3 -- Attendance: 2561 (85.37%) -- Ticket Income $89,635
Level 4 -- Attendance: 3673 (73.46%) -- Ticket Income $91,825
Luxury Box -- Attendance: 722 (72.20%) -- Ticket Income $144,400
Game was played at the Met Center.
Total Attendance: 15231 (76.16%)
Total Ticket Income: $1,006,840
Other Income: $352,394
Total Income: $1,359,234
Chicago Black Hawks
5 vs 5 Forward
Center Left Wing Right Wing Time % Phy DF OF
1 Patrice Bergeron Kevin Fiala Vincent Trocheck 30 1 2 2
2 Bo Horvat Barrett Hayton Jaden Schwartz 30 1 2 2
3 Morgan Frost Michael Rasmussen Cal Clutterbuck 25 1 2 2
4 Frederick Gaudreau Cole Perfetti Shane Pinto 15 1 2 2
5 vs 5 Defense
Defense Defense Time % Phy DF OF
1 Brent Burns Seth Jones 35 0 3 2
2 Morgan Rielly Devon Toews 35 0 3 2
3 Christopher Tanev Travis Sanheim 30 0 3 2
4 Brent Burns Seth Jones 0 0 4 1
PowerPlay Forward
Center Left Wing Right Wing Time % Phy DF OF
1 Bo Horvat Kevin Fiala Vincent Trocheck 50 0 0 5
2 Patrice Bergeron Barrett Hayton Frederick Gaudreau 50 0 0 5
PowerPlay Defense
Defense Defense Time % Phy DF OF
1 Brent Burns Seth Jones 50 0 0 5
2 Morgan Rielly Travis Sanheim 50 0 0 5
Penalty Kill 4 Players Forward
Center Wing Time % Phy DF OF
1 Frederick Gaudreau Cal Clutterbuck 50 0 5 0
2 Patrice Bergeron Michael Rasmussen 50 0 5 0
Penalty Kill 4 Players Defense
Defense Defense Time % Phy DF OF
1 Brent Burns Christopher Tanev 50 0 5 0
2 Seth Jones Morgan Rielly 50 0 5 0
Penalty Kill - 3 Players Forward
Forward Time % Phy DF OF
1 Frederick Gaudreau 50 0 5 0
2 Bo Horvat 50 0 5 0
Penalty Kill - 3 Players Defense
Defense Defense Time % Phy DF OF
1 Seth Jones Brent Burns 50 0 5 0
2 Christopher Tanev Devon Toews 50 0 5 0
4 vs 4 Forward
Center Wing Time % Phy DF OF
1 Vincent Trocheck Morgan Frost 50 1 2 2
2 Barrett Hayton Kevin Fiala 50 1 2 2
4 vs 4 Defense
Defense Defense Time % Phy DF OF
1 Brent Burns Travis Sanheim 50 0 3 2
2 Devon Toews Seth Jones 50 0 3 2
Last Minutes Offensive
Center Left Wing Right Wing Defense Defense
Patrice Bergeron Kevin Fiala Vincent Trocheck Brent Burns Seth Jones
Last Minutes Defensive
Center Left Wing Right Wing Defense Defense
Bo Horvat Michael Rasmussen Frederick Gaudreau Brent Burns Seth Jones
Goaltenders
Starting : Thatcher Demko
Backup : Jordan Binnington
Extra Forwards
Normal : Shane Pinto, Morgan Frost, Bo Horvat - PP : Shane Pinto, Morgan Frost - PK : Bo Horvat
Extra Defensemen
Normal : Christopher Tanev, Travis Sanheim, Morgan Rielly - PP : Christopher Tanev - PK : Travis Sanheim, Brent Burns
Penalty Shots
Frederick Gaudreau, Devon Toews, Barrett Hayton, Brent Burns, Bo Horvat
Minnesota North Stars
5 vs 5 Forward
Center Left Wing Right Wing Time % Phy DF OF
1 Ryan Nugent-Hopkins Brock Nelson Jeff Skinner 30 1 2 2
2 Evgeni Malkin Zach Parise Viktor Arvidsson 30 1 2 2
3 Jonathan Toews Jack Hughes Frank Vatrano 25 1 2 2
4 Adam Lowry Evan Rodrigues Eeli Tolvanen 15 1 2 2
5 vs 5 Defense
Defense Defense Time % Phy DF OF
1 Rasmus Dahlin Brandon Montour 30 1 2 2
2 Jamie Oleksiak Gustav Forsling 30 1 2 2
3 Neal Pionk Justin Holl 25 1 2 2
4 Rasmus Dahlin Brandon Montour 15 1 2 2
PowerPlay Forward
Center Left Wing Right Wing Time % Phy DF OF
1 Ryan Nugent-Hopkins Brock Nelson Jeff Skinner 50 1 2 2
2 Evgeni Malkin Zach Parise Viktor Arvidsson 50 1 2 2
PowerPlay Defense
Defense Defense Time % Phy DF OF
1 Rasmus Dahlin Brandon Montour 50 1 2 2
2 Jamie Oleksiak Gustav Forsling 50 1 2 2
Penalty Kill 4 Players Forward
Center Wing Time % Phy DF OF
1 Ryan Nugent-Hopkins Evgeni Malkin 50 1 2 2
2 Brock Nelson Jeff Skinner 50 1 2 2
Penalty Kill 4 Players Defense
Defense Defense Time % Phy DF OF
1 Rasmus Dahlin Brandon Montour 50 1 2 2
2 Jamie Oleksiak Gustav Forsling 50 1 2 2
Penalty Kill - 3 Players Forward
Forward Time % Phy DF OF
1 Ryan Nugent-Hopkins 50 1 2 2
2 Evgeni Malkin 50 1 2 2
Penalty Kill - 3 Players Defense
Defense Defense Time % Phy DF OF
1 Rasmus Dahlin Brandon Montour 50 1 2 2
2 Jamie Oleksiak Gustav Forsling 50 1 2 2
4 vs 4 Forward
Center Wing Time % Phy DF OF
1 Ryan Nugent-Hopkins Evgeni Malkin 50 1 2 2
2 Brock Nelson Jeff Skinner 50 1 2 2
4 vs 4 Defense
Defense Defense Time % Phy DF OF
1 Rasmus Dahlin Brandon Montour 50 1 2 2
2 Jamie Oleksiak Gustav Forsling 50 1 2 2
Last Minutes Offensive
Center Left Wing Right Wing Defense Defense
Ryan Nugent-Hopkins Brock Nelson Jeff Skinner Rasmus Dahlin Brandon Montour
Last Minutes Defensive
Center Left Wing Right Wing Defense Defense
Ryan Nugent-Hopkins Brock Nelson Jeff Skinner Rasmus Dahlin Brandon Montour
Goaltenders
Starting : Stuart Skinner
Backup : Antti Raanta
Extra Forwards
Normal : Adam Lowry, Jack Hughes, Jonathan Toews - PP : Adam Lowry, Jack Hughes - PK : Jonathan Toews
Extra Defensemen
Normal : Neal Pionk, Justin Holl, Jamie Oleksiak - PP : Neal Pionk - PK : Justin Holl, Jamie Oleksiak
Penalty Shots
Ryan Nugent-Hopkins, Evgeni Malkin, Brock Nelson, Jeff Skinner, Jack Hughes
% Time on Ice - Chicago Black Hawks
Lines # - Real PCT - Wanted PCT - Time Play
Normal Forward
1 - 30% - 30% - 13:47
2 - 35% - 30% - 16:13
3 - 22% - 25% - 10:09
4 - 12% - 15% - 5:42
Normal Defense
1 - 33% - 35% - 15:13
2 - 37% - 35% - 16:53
3 - 30% - 30% - 13:45
4 - 0% - 0% - 0:00
PP Forward
1 - 67% - 50% - 3:15
2 - 33% - 50% - 1:36
PP Defense
1 - 67% - 50% - 3:15
2 - 33% - 50% - 1:36
PK Forward
1 - 52% - 50% - 4:48
2 - 48% - 50% - 4:30
PK Defense
1 - 51% - 50% - 4:44
2 - 49% - 50% - 4:34
PK3 Forward
1 - 0% - 50%
2 - 0% - 50%
PK3 Defense
1 - 0% - 50%
2 - 0% - 50%
44 Forward
1 - 51% - 50% - 2:22
2 - 49% - 50% - 2:17
44 Defense
1 - 44% - 50% - 2:04
2 - 56% - 50% - 2:35
Last Minute Offensive - 0:00
Last Minute Defensive - 0:00
Total
Forward - 64:39
Defense - 64:39
|
% Time on Ice - Minnesota North Stars
Lines # - Real PCT - Wanted PCT - Time Play
Normal Forward
1 - 29% - 30% - 13:13
2 - 33% - 30% - 14:38
3 - 23% - 25% - 10:32
4 - 15% - 15% - 6:38
Normal Defense
1 - 31% - 30% - 13:45
2 - 32% - 30% - 14:22
3 - 27% - 25% - 12:01
4 - 11% - 15% - 4:53
PP Forward
1 - 49% - 50% - 4:32
2 - 51% - 50% - 4:46
PP Defense
1 - 51% - 50% - 4:43
2 - 49% - 50% - 4:35
PK Forward
1 - 52% - 50% - 2:32
2 - 48% - 50% - 2:19
PK Defense
1 - 56% - 50% - 2:43
2 - 44% - 50% - 2:08
PK3 Forward
1 - 0% - 50%
2 - 0% - 50%
PK3 Defense
1 - 0% - 50%
2 - 0% - 50%
44 Forward
1 - 51% - 50% - 2:21
2 - 49% - 50% - 2:18
44 Defense
1 - 47% - 50% - 2:10
2 - 53% - 50% - 2:29
Last Minute Offensive - 0:50
Last Minute Defensive - 0:00
Total
Forward - 64:39
Defense - 64:39
|
Play-by-Play
1st period
0:01 of 1st period - Patrice Bergeron wins face-off versus Ryan Nugent-Hopkins in neutral zone.
0:04 of 1st period - Brock Nelson is hit by Vincent Trocheck.
0:26 of 1st period - Barrett Hayton is hit by Rasmus Dahlin and loses puck.
0:45 of 1st period - Brandon Montour is hit by Barrett Hayton.
1:04 of 1st period - Wrist shot by Michael Rasmussen.
1:04 of 1st period - Shot Hit the Post.
1:29 of 1st period - Snap shot by Kevin Fiala.
1:29 of 1st period - Stopped by Stuart Skinner with a rebound.
1:47 of 1st period - Slapshot by Cole Perfetti.
1:47 of 1st period - Stopped by Stuart Skinner without a rebound.
1:48 of 1st period - Morgan Frost wins face-off versus Ryan Nugent-Hopkins in Minnesota North Stars zone.
2:09 of 1st period - Minor Penalty to Gustav Forsling for Boarding.
2:10 of 1st period - Ryan Nugent-Hopkins wins face-off versus Bo Horvat in Minnesota North Stars zone.
2:47 of 1st period - Snap shot by Barrett Hayton.
2:47 of 1st period - Deflect By Ryan Nugent-Hopkins.
2:47 of 1st period - Shot Blocked by Jamie Oleksiak.
2:47 of 1st period - Puck is out of play.
2:48 of 1st period - Ryan Nugent-Hopkins wins face-off versus Patrice Bergeron in Minnesota North Stars zone.
3:03 of 1st period - Slapshot by Barrett Hayton.
3:03 of 1st period - Stopped by Stuart Skinner without a rebound.
3:04 of 1st period - Brock Nelson wins face-off versus Bo Horvat in Minnesota North Stars zone.
3:09 of 1st period - Snap shot by Jeff Skinner.
3:09 of 1st period - Shot Misses the Net.
4:06 of 1st period - Snap shot by Barrett Hayton.
4:06 of 1st period - Shot Blocked by Rasmus Dahlin.
4:09 of 1st period - Penalty to Gustav Forsling is over, Gustav Forsling is back on ice.
4:18 of 1st period - Slapshot by Patrice Bergeron.
4:18 of 1st period - Shot Misses the Net.
4:20 of 1st period - Slapshot by Travis Sanheim.
4:20 of 1st period - Shot Misses the Net.
4:22 of 1st period - Wrist shot by Frederick Gaudreau.
4:22 of 1st period - Goal by Frederick Gaudreau - Chicago Black Hawks : 1 - Minnesota North Stars : 0.
4:23 of 1st period - Morgan Frost wins face-off versus Zach Parise in neutral zone.
4:30 of 1st period - Snap shot by Evgeni Malkin.
4:30 of 1st period - Shot Misses the Net.
4:32 of 1st period - Slapshot by Rasmus Dahlin.
4:32 of 1st period - Shot Blocked by Cal Clutterbuck.
4:34 of 1st period - Slapshot by Rasmus Dahlin.
4:34 of 1st period - Shot Misses the Net.
4:36 of 1st period - Slapshot by Evgeni Malkin.
4:36 of 1st period - Stopped by Thatcher Demko with a rebound.
4:38 of 1st period - Slapshot by Rasmus Dahlin.
4:38 of 1st period - Stopped by Thatcher Demko without a rebound.
4:39 of 1st period - Patrice Bergeron wins face-off versus Adam Lowry in Chicago Black Hawks zone.
5:04 of 1st period - Seth Jones is hit by Jamie Oleksiak and loses puck.
5:15 of 1st period - Snap shot by Patrice Bergeron.
5:15 of 1st period - Stopped by Stuart Skinner without a rebound.
5:16 of 1st period - Evgeni Malkin wins face-off versus Bo Horvat in Minnesota North Stars zone.
5:25 of 1st period - Bo Horvat is hit by Viktor Arvidsson.
5:45 of 1st period - Snap shot by Jack Hughes.
5:45 of 1st period - Stopped by Thatcher Demko with a rebound.
5:53 of 1st period - Slapshot by Jack Hughes.
5:53 of 1st period - Stopped by Thatcher Demko with a rebound.
6:50 of 1st period - Icing by Justin Holl.
6:51 of 1st period - Adam Lowry wins face-off versus Barrett Hayton in Minnesota North Stars zone.
7:00 of 1st period - Seth Jones is hit by Evgeni Malkin and loses puck.
7:23 of 1st period - Slapshot by Jack Hughes.
7:23 of 1st period - Stopped by Thatcher Demko with a rebound.
8:01 of 1st period - Frederick Gaudreau is hit by Adam Lowry and loses puck.
8:58 of 1st period - Snap shot by Patrice Bergeron.
8:58 of 1st period - Goal by Patrice Bergeron - Chicago Black Hawks : 2 - Minnesota North Stars : 0.
8:59 of 1st period - Bo Horvat wins face-off versus Evgeni Malkin in neutral zone.
9:26 of 1st period - Jamie Oleksiak is hit by Kevin Fiala and loses puck.
9:39 of 1st period - Slapshot by Vincent Trocheck.
9:39 of 1st period - Shot Blocked by Gustav Forsling.
10:21 of 1st period - Ryan Nugent-Hopkins is hit by Michael Rasmussen.
10:46 of 1st period - Snap shot by Bo Horvat.
10:46 of 1st period - Stopped by Stuart Skinner with a rebound.
11:04 of 1st period - Snap shot by Rasmus Dahlin.
11:04 of 1st period - Deflect By Patrice Bergeron.
11:04 of 1st period - Stopped by Thatcher Demko without a rebound.
11:05 of 1st period - Morgan Frost wins face-off versus Adam Lowry in Chicago Black Hawks zone.
11:05 of 1st period - Morgan Frost is hit by Adam Lowry.
11:17 of 1st period - Wrist shot by Michael Rasmussen.
11:17 of 1st period - Stopped by Stuart Skinner with a rebound.
12:17 of 1st period - Wrist shot by Evan Rodrigues.
12:17 of 1st period - Stopped by Thatcher Demko with a rebound.
12:26 of 1st period - Off-side.
12:27 of 1st period - Evgeni Malkin wins face-off versus Morgan Frost in neutral zone.
12:52 of 1st period - Devon Toews is hit by Rasmus Dahlin and loses puck.
14:27 of 1st period - Slapshot by Viktor Arvidsson.
14:27 of 1st period - Stopped by Thatcher Demko with a rebound.
15:15 of 1st period - Minor Penalty to Morgan Rielly for Hooking.
15:16 of 1st period - Ryan Nugent-Hopkins wins face-off versus Frederick Gaudreau in Chicago Black Hawks zone.
15:25 of 1st period - Wrist shot by Ryan Nugent-Hopkins.
15:25 of 1st period - Stopped by Thatcher Demko with a rebound.
15:27 of 1st period - Snap shot by Brock Nelson.
15:27 of 1st period - Shot Misses the Net.
15:47 of 1st period - Wrist shot by Viktor Arvidsson.
15:47 of 1st period - Shot Misses the Net.
17:15 of 1st period - Penalty to Morgan Rielly is over, Morgan Rielly is back on ice.
17:19 of 1st period - Adam Lowry is hit by Travis Sanheim and loses puck.
17:26 of 1st period - Patrice Bergeron is hit by Adam Lowry and loses puck.
17:39 of 1st period - Patrice Bergeron is hit by Neal Pionk and loses puck.
17:48 of 1st period - Snap shot by Patrice Bergeron.
17:48 of 1st period - Shot Misses the Net.
18:09 of 1st period - Snap shot by Jaden Schwartz.
18:09 of 1st period - Stopped by Stuart Skinner without a rebound.
18:10 of 1st period - Bo Horvat wins face-off versus Ryan Nugent-Hopkins in Minnesota North Stars zone.
18:15 of 1st period - Slapshot by Barrett Hayton.
18:15 of 1st period - Shot Blocked by Jamie Oleksiak.
18:45 of 1st period - Snap shot by Evgeni Malkin.
18:45 of 1st period - Stopped by Thatcher Demko without a rebound.
18:46 of 1st period - Jonathan Toews wins face-off versus Bo Horvat in Chicago Black Hawks zone.
18:47 of 1st period - Slapshot by Jack Hughes.
18:47 of 1st period - Stopped by Thatcher Demko without a rebound.
18:48 of 1st period - Jonathan Toews wins face-off versus Barrett Hayton in Chicago Black Hawks zone.
19:02 of 1st period - Snap shot by Jaden Schwartz.
19:02 of 1st period - Deflect By Bo Horvat.
19:02 of 1st period - Stopped by Stuart Skinner without a rebound.
19:03 of 1st period - Ryan Nugent-Hopkins wins face-off versus Patrice Bergeron in Minnesota North Stars zone.
19:31 of 1st period - Minor Penalty to Rasmus Dahlin for Goalie Interference.
19:32 of 1st period - Ryan Nugent-Hopkins wins face-off versus Bo Horvat in Minnesota North Stars zone.
19:41 of 1st period - Jeff Skinner is hit by Vincent Trocheck and loses puck.
Goals for this period are 2 for Chicago Black Hawks vs 0 for Minnesota North Stars.
Shots for this period are 10 for Chicago Black Hawks vs 11 for Minnesota North Stars.
2nd period
0:01 of 2nd period - Bo Horvat wins face-off versus Ryan Nugent-Hopkins in neutral zone.
0:08 of 2nd period - Wrist shot by Kevin Fiala.
0:08 of 2nd period - Deflect By Ryan Nugent-Hopkins.
0:08 of 2nd period - Goal by Kevin Fiala - Chicago Black Hawks : 3 - Minnesota North Stars : 0.
0:09 of 2nd period - Patrice Bergeron wins face-off versus Ryan Nugent-Hopkins in neutral zone.
0:14 of 2nd period - Backhand shot by Patrice Bergeron.
0:14 of 2nd period - Stopped by Stuart Skinner with a rebound.
0:16 of 2nd period - Snap shot by Vincent Trocheck.
0:16 of 2nd period - Stopped by Stuart Skinner with a rebound.
0:36 of 2nd period - Brent Burns is hit by Brandon Montour and loses puck.
0:45 of 2nd period - Snap shot by Michael Rasmussen.
0:45 of 2nd period - Shot Misses the Net.
1:58 of 2nd period - Slapshot by Ryan Nugent-Hopkins.
1:58 of 2nd period - Deflect By Seth Jones.
1:58 of 2nd period - Shot Blocked by Morgan Frost.
1:58 of 2nd period - Puck is out of play.
1:59 of 2nd period - Ryan Nugent-Hopkins wins face-off versus Morgan Frost in Chicago Black Hawks zone.
2:04 of 2nd period - Slapshot by Brock Nelson.
2:04 of 2nd period - Stopped by Thatcher Demko without a rebound.
2:05 of 2nd period - Patrice Bergeron wins face-off versus Ryan Nugent-Hopkins in Chicago Black Hawks zone.
2:57 of 2nd period - Eeli Tolvanen is hit by Cal Clutterbuck and loses puck.
3:12 of 2nd period - Brent Burns is hit by Brock Nelson and loses puck.
3:54 of 2nd period - Frank Vatrano is hit by Vincent Trocheck.
4:11 of 2nd period - Patrice Bergeron is hit by Justin Holl and loses puck.
4:16 of 2nd period - Slapshot by Jonathan Toews.
4:16 of 2nd period - Stopped by Thatcher Demko with a rebound.
4:18 of 2nd period - Wrist shot by Neal Pionk.
4:18 of 2nd period - Stopped by Thatcher Demko without a rebound.
4:19 of 2nd period - Ryan Nugent-Hopkins wins face-off versus Bo Horvat in Chicago Black Hawks zone.
4:22 of 2nd period - Slapshot by Jeff Skinner.
4:22 of 2nd period - Stopped by Thatcher Demko without a rebound.
4:23 of 2nd period - Ryan Nugent-Hopkins wins face-off versus Jaden Schwartz in Chicago Black Hawks zone.
4:27 of 2nd period - Icing by Christopher Tanev.
4:28 of 2nd period - Ryan Nugent-Hopkins wins face-off versus Bo Horvat in Chicago Black Hawks zone.
4:31 of 2nd period - Snap shot by Brock Nelson.
4:31 of 2nd period - Stopped by Thatcher Demko without a rebound.
4:32 of 2nd period - Evgeni Malkin wins face-off versus Bo Horvat in Chicago Black Hawks zone.
4:47 of 2nd period - Slapshot by Viktor Arvidsson.
4:47 of 2nd period - Shot Blocked by Christopher Tanev.
4:57 of 2nd period - Brock Nelson is hit by Patrice Bergeron and loses puck.
5:23 of 2nd period - Frank Vatrano is hit by Cal Clutterbuck.
5:39 of 2nd period - Brent Burns is hit by Viktor Arvidsson and loses puck.
5:54 of 2nd period - Snap shot by Michael Rasmussen.
5:54 of 2nd period - Shot Misses the Net.
5:56 of 2nd period - Wrist shot by Christopher Tanev.
5:56 of 2nd period - Shot Hit the Post.
5:58 of 2nd period - Slapshot by Christopher Tanev.
5:58 of 2nd period - Shot Misses the Net.
6:00 of 2nd period - Slapshot by Michael Rasmussen.
6:00 of 2nd period - Stopped by Stuart Skinner with a rebound.
6:08 of 2nd period - Wrist shot by Michael Rasmussen.
6:08 of 2nd period - Stopped by Stuart Skinner without a rebound.
6:09 of 2nd period - Ryan Nugent-Hopkins wins face-off versus Bo Horvat in Minnesota North Stars zone.
6:50 of 2nd period - Brandon Montour is hit by Travis Sanheim and loses puck.
7:01 of 2nd period - Slapshot by Brandon Montour.
7:01 of 2nd period - Shot Blocked by Morgan Rielly.
7:21 of 2nd period - Justin Holl is hit by Jaden Schwartz and loses puck.
7:46 of 2nd period - Slapshot by Michael Rasmussen.
7:46 of 2nd period - Deflect By Cal Clutterbuck.
7:46 of 2nd period - Stopped by Stuart Skinner with a rebound.
7:48 of 2nd period - Slapshot by Cal Clutterbuck.
7:48 of 2nd period - Shot Misses the Net.
8:04 of 2nd period - Snap shot by Jack Hughes.
8:04 of 2nd period - Goal by Jack Hughes - Chicago Black Hawks : 3 - Minnesota North Stars : 1.
8:05 of 2nd period - Ryan Nugent-Hopkins wins face-off versus Bo Horvat in neutral zone.
8:10 of 2nd period - Slapshot by Brandon Montour.
8:10 of 2nd period - Stopped by Thatcher Demko with a rebound.
8:43 of 2nd period - Snap shot by Evgeni Malkin.
8:43 of 2nd period - Stopped by Thatcher Demko without a rebound.
8:44 of 2nd period - Jonathan Toews wins face-off versus Patrice Bergeron in Chicago Black Hawks zone.
10:17 of 2nd period - Snap shot by Patrice Bergeron.
10:17 of 2nd period - Stopped by Stuart Skinner without a rebound.
10:18 of 2nd period - Patrice Bergeron wins face-off versus Evgeni Malkin in Minnesota North Stars zone.
10:32 of 2nd period - Evgeni Malkin is hit by Patrice Bergeron and loses puck.
10:37 of 2nd period - Slapshot by Kevin Fiala.
10:37 of 2nd period - Stopped by Stuart Skinner with a rebound.
10:39 of 2nd period - Slapshot by Brent Burns.
10:39 of 2nd period - Stopped by Stuart Skinner with a rebound.
10:41 of 2nd period - Snap shot by Patrice Bergeron.
10:41 of 2nd period - Shot Misses the Net.
11:09 of 2nd period - Snap shot by Vincent Trocheck.
11:09 of 2nd period - Stopped by Stuart Skinner with a rebound.
11:11 of 2nd period - Slapshot by Christopher Tanev.
11:11 of 2nd period - Stopped by Stuart Skinner with a rebound.
11:42 of 2nd period - Off-side.
11:43 of 2nd period - Bo Horvat wins face-off versus Ryan Nugent-Hopkins in neutral zone.
12:00 of 2nd period - Snap shot by Ryan Nugent-Hopkins.
12:00 of 2nd period - Stopped by Thatcher Demko without a rebound.
12:01 of 2nd period - Jonathan Toews wins face-off versus Morgan Frost in Chicago Black Hawks zone.
12:16 of 2nd period - Snap shot by Morgan Frost.
12:16 of 2nd period - Shot Misses the Net.
12:26 of 2nd period - Jeff Skinner is hit by Devon Toews and loses puck.
13:04 of 2nd period - Icing by Cole Perfetti.
13:05 of 2nd period - Morgan Frost wins face-off versus Jonathan Toews in Chicago Black Hawks zone.
13:31 of 2nd period - Slapshot by Brent Burns.
13:31 of 2nd period - Shot Blocked by Neal Pionk.
13:54 of 2nd period - Off-side.
13:55 of 2nd period - Patrice Bergeron wins face-off versus Evgeni Malkin in neutral zone.
14:14 of 2nd period - Slapshot by Vincent Trocheck.
14:14 of 2nd period - Stopped by Stuart Skinner without a rebound.
14:15 of 2nd period - Ryan Nugent-Hopkins wins face-off versus Bo Horvat in Minnesota North Stars zone.
14:55 of 2nd period - Snap shot by Kevin Fiala.
14:55 of 2nd period - Shot Blocked by Brandon Montour.
15:15 of 2nd period - Minor Penalty to Michael Rasmussen for Hooking.
15:16 of 2nd period - Evgeni Malkin wins face-off versus Patrice Bergeron in Chicago Black Hawks zone.
15:52 of 2nd period - Slapshot by Ryan Nugent-Hopkins.
15:52 of 2nd period - Shot Misses the Net.
17:15 of 2nd period - Penalty to Michael Rasmussen is over, Michael Rasmussen is back on ice.
17:27 of 2nd period - Snap shot by Evan Rodrigues.
17:27 of 2nd period - Shot Misses the Net.
17:29 of 2nd period - Slapshot by Justin Holl.
17:29 of 2nd period - Deflect By Michael Rasmussen.
17:29 of 2nd period - Goal by Justin Holl - Chicago Black Hawks : 3 - Minnesota North Stars : 2.
17:30 of 2nd period - Viktor Arvidsson wins face-off versus Bo Horvat in neutral zone.
17:33 of 2nd period - Slapshot by Brandon Montour.
17:33 of 2nd period - Shot Misses the Net.
17:57 of 2nd period - Morgan Frost is hit by Frank Vatrano and loses puck.
18:02 of 2nd period - Snap shot by Jack Hughes.
18:02 of 2nd period - Stopped by Thatcher Demko without a rebound.
18:03 of 2nd period - Jeff Skinner wins face-off versus Patrice Bergeron in Chicago Black Hawks zone.
18:06 of 2nd period - Wrist shot by Ryan Nugent-Hopkins.
18:06 of 2nd period - Stopped by Thatcher Demko without a rebound.
18:07 of 2nd period - Brock Nelson wins face-off versus Patrice Bergeron in Chicago Black Hawks zone.
18:21 of 2nd period - Minor Penalty to Seth Jones for Holding.
18:22 of 2nd period - Patrice Bergeron wins face-off versus Evgeni Malkin in Chicago Black Hawks zone.
18:30 of 2nd period - Snap shot by Michael Rasmussen.
18:30 of 2nd period - Deflect By Patrice Bergeron.
18:30 of 2nd period - Stopped by Stuart Skinner with a rebound.
18:53 of 2nd period - Off-side.
18:54 of 2nd period - Frederick Gaudreau wins face-off versus Ryan Nugent-Hopkins in neutral zone.
Goals for this period are 1 for Chicago Black Hawks vs 2 for Minnesota North Stars.
Shots for this period are 13 for Chicago Black Hawks vs 12 for Minnesota North Stars.
3rd period
0:01 of 3rd period - Evgeni Malkin wins face-off versus Frederick Gaudreau in neutral zone.
0:21 of 3rd period - Penalty to Seth Jones is over, Seth Jones is back on ice.
0:32 of 3rd period - Wrist shot by Bo Horvat.
0:32 of 3rd period - Shot Blocked by Jeff Skinner.
0:54 of 3rd period - Snap shot by Shane Pinto.
0:54 of 3rd period - Shot Misses the Net.
1:00 of 3rd period - Wrist shot by Frederick Gaudreau.
1:00 of 3rd period - Shot Blocked by Gustav Forsling.
1:02 of 3rd period - Slapshot by Frederick Gaudreau.
1:02 of 3rd period - Stopped by Stuart Skinner with a rebound.
1:04 of 3rd period - Snap shot by Shane Pinto.
1:04 of 3rd period - Stopped by Stuart Skinner without a rebound.
1:05 of 3rd period - Bo Horvat wins face-off versus Ryan Nugent-Hopkins in Minnesota North Stars zone.
1:06 of 3rd period - Backhand shot by Jaden Schwartz.
1:06 of 3rd period - Goal by Jaden Schwartz - Chicago Black Hawks : 4 - Minnesota North Stars : 2.
1:07 of 3rd period - Bo Horvat wins face-off versus Ryan Nugent-Hopkins in neutral zone.
1:34 of 3rd period - Zach Parise is hit by Morgan Frost and loses puck.
1:57 of 3rd period - Snap shot by Kevin Fiala.
1:57 of 3rd period - Shot Blocked by Gustav Forsling.
1:59 of 3rd period - Slapshot by Devon Toews.
1:59 of 3rd period - Shot Blocked by Jamie Oleksiak.
2:01 of 3rd period - Slapshot by Devon Toews.
2:01 of 3rd period - Deflect By Jack Hughes.
2:01 of 3rd period - Stopped by Stuart Skinner with a rebound.
2:03 of 3rd period - Snap shot by Vincent Trocheck.
2:03 of 3rd period - Shot Misses the Net.
2:05 of 3rd period - Wrist shot by Vincent Trocheck.
2:05 of 3rd period - Shot Blocked by Jamie Oleksiak.
2:29 of 3rd period - Wrist shot by Evan Rodrigues.
2:29 of 3rd period - Stopped by Thatcher Demko without a rebound.
2:30 of 3rd period - Bo Horvat wins face-off versus Ryan Nugent-Hopkins in Chicago Black Hawks zone.
2:30 of 3rd period - Bo Horvat is hit by Ryan Nugent-Hopkins.
2:49 of 3rd period - Minor Penalty to Barrett Hayton for Hooking.
2:50 of 3rd period - Jeff Skinner wins face-off versus Frederick Gaudreau in Chicago Black Hawks zone.
2:54 of 3rd period - Wrist shot by Jeff Skinner.
2:54 of 3rd period - Shot Blocked by Cal Clutterbuck.
3:04 of 3rd period - Brent Burns is hit by Jeff Skinner and loses puck.
4:49 of 3rd period - Penalty to Barrett Hayton is over, Barrett Hayton is back on ice.
5:08 of 3rd period - Slapshot by Jack Hughes.
5:08 of 3rd period - Goal by Jack Hughes - Chicago Black Hawks : 4 - Minnesota North Stars : 3.
5:09 of 3rd period - Bo Horvat wins face-off versus Jonathan Toews in neutral zone.
5:50 of 3rd period - Wrist shot by Patrice Bergeron.
5:50 of 3rd period - Stopped by Stuart Skinner without a rebound.
5:51 of 3rd period - Ryan Nugent-Hopkins wins face-off versus Morgan Frost in Minnesota North Stars zone.
5:57 of 3rd period - Rasmus Dahlin is hit by Christopher Tanev and loses puck.
6:22 of 3rd period - Slapshot by Evgeni Malkin.
6:22 of 3rd period - Shot Misses the Net.
6:40 of 3rd period - Slapshot by Barrett Hayton.
6:40 of 3rd period - Stopped by Stuart Skinner without a rebound.
6:41 of 3rd period - Adam Lowry wins face-off versus Bo Horvat in Minnesota North Stars zone.
7:04 of 3rd period - Minor Penalty to Rasmus Dahlin for High sticking.
7:05 of 3rd period - Vincent Trocheck wins face-off versus Ryan Nugent-Hopkins in Minnesota North Stars zone.
7:06 of 3rd period - Snap shot by Kevin Fiala.
7:06 of 3rd period - Shot Blocked by Jamie Oleksiak.
7:18 of 3rd period - Slapshot by Kevin Fiala.
7:18 of 3rd period - Shot Misses the Net.
7:20 of 3rd period - Slapshot by Brent Burns.
7:20 of 3rd period - Goal by Brent Burns - Chicago Black Hawks : 5 - Minnesota North Stars : 3.
7:21 of 3rd period - Ryan Nugent-Hopkins wins face-off versus Morgan Frost in neutral zone.
7:36 of 3rd period - Snap shot by Ryan Nugent-Hopkins.
7:36 of 3rd period - Stopped by Thatcher Demko with a rebound.
7:38 of 3rd period - Wrist shot by Jeff Skinner.
7:38 of 3rd period - Stopped by Thatcher Demko with a rebound.
7:48 of 3rd period - Morgan Rielly is hit by Rasmus Dahlin and loses puck.
7:57 of 3rd period - Backhand shot by Vincent Trocheck.
7:57 of 3rd period - Shot Blocked by Evgeni Malkin.
7:59 of 3rd period - Slapshot by Christopher Tanev.
7:59 of 3rd period - Stopped by Stuart Skinner with a rebound.
8:23 of 3rd period - Wrist shot by Jonathan Toews.
8:23 of 3rd period - Shot Blocked by Brent Burns.
8:37 of 3rd period - Slapshot by Morgan Frost.
8:37 of 3rd period - Stopped by Stuart Skinner with a rebound.
8:52 of 3rd period - Minor Penalty to Vincent Trocheck for Holding.
8:53 of 3rd period - Frederick Gaudreau wins face-off versus Ryan Nugent-Hopkins in Chicago Black Hawks zone.
9:19 of 3rd period - Cal Clutterbuck is hit by Zach Parise.
9:40 of 3rd period - Icing by Jeff Skinner.
9:41 of 3rd period - Patrice Bergeron wins face-off versus Ryan Nugent-Hopkins in Minnesota North Stars zone.
10:02 of 3rd period - Wrist shot by Evgeni Malkin.
10:02 of 3rd period - Shot Blocked by Seth Jones.
10:04 of 3rd period - Wrist shot by Viktor Arvidsson.
10:04 of 3rd period - Stopped by Thatcher Demko with a rebound.
10:06 of 3rd period - Snap shot by Viktor Arvidsson.
10:06 of 3rd period - Shot Misses the Net.
10:08 of 3rd period - Slapshot by Viktor Arvidsson.
10:08 of 3rd period - Stopped by Thatcher Demko without a rebound.
10:09 of 3rd period - Zach Parise wins face-off versus Frederick Gaudreau in Chicago Black Hawks zone.
10:10 of 3rd period - Wrist shot by Viktor Arvidsson.
10:10 of 3rd period - Stopped by Thatcher Demko with a rebound.
10:12 of 3rd period - Slapshot by Jamie Oleksiak.
10:12 of 3rd period - Shot Blocked by Frederick Gaudreau.
10:14 of 3rd period - Wrist shot by Viktor Arvidsson.
10:14 of 3rd period - Goal by Viktor Arvidsson - Chicago Black Hawks : 5 - Minnesota North Stars : 4.
10:15 of 3rd period - Patrice Bergeron wins face-off versus Ryan Nugent-Hopkins in neutral zone.
10:30 of 3rd period - Wrist shot by Kevin Fiala.
10:30 of 3rd period - Shot Blocked by Brock Nelson.
10:32 of 3rd period - Slapshot by Brent Burns.
10:32 of 3rd period - Deflect By Brandon Montour.
10:32 of 3rd period - Stopped by Stuart Skinner with a rebound.
10:42 of 3rd period - Bo Horvat is hit by Viktor Arvidsson and loses puck.
11:23 of 3rd period - Wrist shot by Jonathan Toews.
11:23 of 3rd period - Deflect By Adam Lowry.
11:23 of 3rd period - Shot Misses the Net.
11:23 of 3rd period - Puck is out of play.
11:24 of 3rd period - Adam Lowry wins face-off versus Frederick Gaudreau in Chicago Black Hawks zone.
11:27 of 3rd period - Wrist shot by Eeli Tolvanen.
11:27 of 3rd period - Deflect By Morgan Rielly.
11:27 of 3rd period - Shot Blocked by Morgan Rielly.
11:27 of 3rd period - Puck is out of play.
11:28 of 3rd period - Patrice Bergeron wins face-off versus Adam Lowry in Chicago Black Hawks zone.
11:28 of 3rd period - Patrice Bergeron is hit by Adam Lowry.
11:31 of 3rd period - Vincent Trocheck is hit by Adam Lowry.
11:35 of 3rd period - Wrist shot by Patrice Bergeron.
11:35 of 3rd period - Deflect By Brandon Montour.
11:35 of 3rd period - Shot Blocked by Rasmus Dahlin.
11:35 of 3rd period - Puck is out of play.
11:36 of 3rd period - Patrice Bergeron wins face-off versus Ryan Nugent-Hopkins in Minnesota North Stars zone.
11:54 of 3rd period - Minor Penalty to Jeff Skinner for Hooking.
11:55 of 3rd period - Ryan Nugent-Hopkins wins face-off versus Patrice Bergeron in Minnesota North Stars zone.
12:03 of 3rd period - Slapshot by Brock Nelson.
12:03 of 3rd period - Shot Misses the Net.
12:05 of 3rd period - Wrist shot by Brandon Montour.
12:05 of 3rd period - Shot Blocked by Travis Sanheim.
12:09 of 3rd period - Wrist shot by Brock Nelson.
12:09 of 3rd period - Stopped by Thatcher Demko without a rebound.
12:10 of 3rd period - Bo Horvat wins face-off versus Ryan Nugent-Hopkins in Chicago Black Hawks zone.
12:15 of 3rd period - Snap shot by Seth Jones.
12:15 of 3rd period - Stopped by Stuart Skinner with a rebound.
12:17 of 3rd period - Snap shot by Kevin Fiala.
12:17 of 3rd period - Deflect By Vincent Trocheck.
12:17 of 3rd period - Shot Misses the Net.
12:17 of 3rd period - Puck is out of play.
12:18 of 3rd period - Ryan Nugent-Hopkins wins face-off versus Bo Horvat in Minnesota North Stars zone.
12:43 of 3rd period - Brock Nelson is hit by Vincent Trocheck.
13:31 of 3rd period - Wrist shot by Bo Horvat.
13:31 of 3rd period - Stopped by Stuart Skinner with a rebound.
13:33 of 3rd period - Backhand shot by Seth Jones.
13:33 of 3rd period - Shot Misses the Net.
13:35 of 3rd period - Snap shot by Brent Burns.
13:35 of 3rd period - Stopped by Stuart Skinner with a rebound.
13:54 of 3rd period - Penalty to Jeff Skinner is over, Jeff Skinner is back on ice.
14:01 of 3rd period - Wrist shot by Kevin Fiala.
14:01 of 3rd period - Shot Misses the Net.
14:03 of 3rd period - Slapshot by Seth Jones.
14:03 of 3rd period - Shot Misses the Net.
14:17 of 3rd period - Slapshot by Kevin Fiala.
14:17 of 3rd period - Shot Misses the Net.
14:19 of 3rd period - Snap shot by Seth Jones.
14:19 of 3rd period - Shot Blocked by Evgeni Malkin.
14:21 of 3rd period - Slapshot by Seth Jones.
14:21 of 3rd period - Stopped by Stuart Skinner with a rebound.
14:36 of 3rd period - Snap shot by Kevin Fiala.
14:36 of 3rd period - Stopped by Stuart Skinner with a rebound.
14:38 of 3rd period - Snap shot by Seth Jones.
14:38 of 3rd period - Stopped by Stuart Skinner with a rebound.
14:40 of 3rd period - Backhand shot by Kevin Fiala.
14:40 of 3rd period - Shot Misses the Net.
14:42 of 3rd period - Wrist shot by Brent Burns.
14:42 of 3rd period - Shot Blocked by Brandon Montour.
14:44 of 3rd period - Slapshot by Brent Burns.
14:44 of 3rd period - Deflect By Bo Horvat.
14:44 of 3rd period - Stopped by Stuart Skinner without a rebound.
14:45 of 3rd period - Morgan Frost wins face-off versus Jonathan Toews in Minnesota North Stars zone.
14:56 of 3rd period - Slapshot by Devon Toews.
14:56 of 3rd period - Stopped by Stuart Skinner with a rebound.
14:58 of 3rd period - Snap shot by Michael Rasmussen.
14:58 of 3rd period - Deflect By Jack Hughes.
14:58 of 3rd period - Stopped by Stuart Skinner with a rebound.
15:32 of 3rd period - Gustav Forsling is hit by Barrett Hayton and loses puck.
15:39 of 3rd period - Wrist shot by Morgan Rielly.
15:39 of 3rd period - Shot Misses the Net.
16:05 of 3rd period - Devon Toews is hit by Jonathan Toews and loses puck.
17:38 of 3rd period - Adam Lowry is hit by Frederick Gaudreau and loses puck.
18:53 of 3rd period - Patrice Bergeron is hit by Gustav Forsling and loses puck.
19:00 of 3rd period - Patrice Bergeron is hit by Jamie Oleksiak and loses puck.
19:12 of 3rd period - Rasmus Dahlin is hit by Patrice Bergeron and loses puck.
19:21 of 3rd period - Minnesota North Stars, Stuart Skinner is pulled from the net.
19:36 of 3rd period - Snap shot by Brock Nelson.
19:36 of 3rd period - Goal by Brock Nelson - Chicago Black Hawks : 5 - Minnesota North Stars : 5.
19:36 of 3rd period - Stuart Skinner from Minnesota North Stars was sent back in the game.
19:37 of 3rd period - Shane Pinto wins face-off versus Adam Lowry in neutral zone.
Goals for this period are 2 for Chicago Black Hawks vs 3 for Minnesota North Stars.
Shots for this period are 19 for Chicago Black Hawks vs 10 for Minnesota North Stars.
Overtime #1
0:01 of 1st overtime period - Vincent Trocheck wins face-off versus Ryan Nugent-Hopkins in neutral zone.
0:26 of 1st overtime period - Kevin Fiala is hit by Jeff Skinner and loses puck.
1:42 of 1st overtime period - Kevin Fiala is hit by Evgeni Malkin and loses puck.
2:00 of 1st overtime period - Icing by Devon Toews.
2:01 of 1st overtime period - Adam Lowry wins face-off versus Shane Pinto in Chicago Black Hawks zone.
2:14 of 1st overtime period - Wrist shot by Jack Hughes.
2:14 of 1st overtime period - Shot Misses the Net.
2:16 of 1st overtime period - Slapshot by Jamie Oleksiak.
2:16 of 1st overtime period - Shot Misses the Net.
2:18 of 1st overtime period - Slapshot by Rasmus Dahlin.
2:18 of 1st overtime period - Shot Blocked by Bo Horvat.
4:14 of 1st overtime period - Wrist shot by Jack Hughes.
4:14 of 1st overtime period - Shot Blocked by Morgan Rielly.
4:34 of 1st overtime period - Rasmus Dahlin is hit by Michael Rasmussen and loses puck.
4:39 of 1st overtime period - Wrist shot by Bo Horvat.
4:39 of 1st overtime period - Goal by Bo Horvat - Chicago Black Hawks : 6 - Minnesota North Stars : 5.
Goals for this period are 1 for Chicago Black Hawks vs 0 for Minnesota North Stars.
Shots for this period are 1 for Chicago Black Hawks vs 0 for Minnesota North Stars.
Back to the Top